 Dungeon Crawl Stone Soup version 0.32-a0-612-g1c984fe9d1 (webtiles) character file.

Game seed: 10209778412682123616

2536 gimp the Carver (level 9, -1/68 HPs)
             Began as a Coglin Artificer on Mar 4, 2024.
             Was a Believer of Jiyva.
             Slain by an orc warrior
             ... wielding a +0 trident
              (9 damage)
             ... on level 8 of the Dungeon.
             The game lasted 00:12:50 (7088 turns).

gimp the Carver (Coglin Artificer)                  Turns: 7088, Time: 00:12:52

Health: -1/68      AC:  6    Str: 12    XL:     9   Next: 55%
Magic:  9/9        EV: 11    Int: 11    God:    Jiyva [**....]
Gold:   304        SH:  0    Dex: 19    Spells: 8/8 levels left

rFire   . . .        l - +1 short sword (drain) {Eshargamelat}
rCold   . . .        x - +3 scimitar {Shunnar}
rNeg    . . .        i - +0 ring mail
rPois   .            (no helmet)
rElec   .            v - +0 cloak
rCorr   +            (no gloves)
SInv    .            (no boots)
Will    .....        (amulet unavailable)
Stlth   +            (ring unavailable)
HPRegen 1.27/turn    (ring unavailable)
MPRegen 0.59/turn    (no gizmo)

%: no passive effects
@: mighty, attractive, revving
A: off-hand wielding, slow wielding, warmup strikes, no jewellery
a: Invent Gizmo, Renounce Religion


You were on level 8 of the Dungeon.
You worshipped Jiyva.
Jiyva was pleased with you.
You visited 1 branch of the dungeon, and saw 8 of its levels.
You also visited: Sewer and Ossuary.

You collected 421 gold pieces.
You spent 117 gold pieces at shops.

Inventory:

Hand Weapons
 a - a +3 dagger of protection {Ming}
 l - a +1 short sword of draining (weapon) {Eshargamelat}
 x - a +3 scimitar (offhand) {Shunnar}
 I - a +2 dagger of speed
Missiles
 f - a throwing net
 q - a curare-tipped dart
Armour
 b - a +2 chain mail of poison resistance
 i - a +0 ring mail (worn)
 v - a +0 cloak (worn)
Wands
 c - a wand of flame (28)
 d - a wand of charming (12)
 e - a wand of iceblast (4)
 k - a wand of acid (5)
 w - a wand of paralysis (10)
 A - a wand of polymorph (6)
Scrolls
 j - 5 scrolls of teleportation
 r - 4 scrolls of fog
 s - a scroll of blinking
 t - a scroll of brand weapon
 u - a scroll of enchant armour
 y - a scroll of poison {unknown}
 z - a scroll of revelation {unknown}
 B - a scroll of enchant weapon
 D - a scroll of summoning
 K - a scroll of identify
Potions
 g - 2 potions of attraction
 h - a potion of might
 m - 2 potions of lignification {unknown}
 n - 3 potions of curing
 o - 2 potions of brilliance
 p - a potion of enlightenment
 C - 2 potions of ambrosia
 E - 3 potions of invisibility {unknown}
 F - a potion of haste {unknown}
 G - a potion of experience {unknown}
 H - 2 potions of magic
 J - a potion of berserk rage {unknown}


   Skills:
 - Level 5.0 Fighting
 + Level 10.6 Long Blades
 - Level 1.7 Armour
 - Level 3.0 Dodging
 - Level 0.7 Stealth
 - Level 5.9 Evocations


You had 8 spell levels left.
You didn't know any spells.
Your spell library contained the following spells:

 Spells                   Type           Power      Damage    Failure   Level
 Ensorcelled Hibernation  Hex/Ice        0%         N/A       75%         2
 Fugue of the Fallen      Necr           0%         N/A       93%         3
 Hailstorm                Conj/Ice       0%         3d5       93%         3
 Ozocubu's Armour         Ice            0%         N/A       93%         3
 Summon Ice Beast         Ice/Summ       0%         N/A       93%         3
 Anguish                  Hex/Necr       0%         N/A       100%        4
 Manifold Assault         Tloc           0%         N/A       100%        4
 Olgreb's Toxic Radiance  Alch           0%         N/A       100%        4
 Sculpt Simulacrum        Ice/Alch       0%         N/A       100%        6
 Ozocubu's Refrigeration  Ice            0%         4d7       100%        7
 Discord                  Hex            0%         N/A       100%        8


Dungeon Overview and Level Annotations

Branches:
Dungeon (8/15)             Temple (0/1) D:6           Sewer (visited)
Ossuary (visited)
   Lair: D:8-11

Altars:
Makhleb
Qazlal
Vehumet
Zin

Shops:
D:3 [[?([

Annotations:
D:7 exclusion: lava snake


Innate Abilities, Weirdness & Mutations

You can wield a second weapon in your off-hand.
It takes a long time for you to wield or remove held weapons.
Your first few attacks do less damage.
You cannot equip rings or amulets.


Message History

You feel sick.
You feel sick.
You are no longer poisoned.
HP restored.
You now have 304 gold pieces (gained 9).
An orc comes into view. It is wielding a +0 club.
Health restored: 68 An orc is nearby! 3 orcs come into view.
An orc is wielding a +1 heavy hand axe.
The orc shouts!
You hear a shout! x4
An orc warrior comes into view.
It is wielding a +0 dire flail and wearing a +1 plate armour of fire resistance.
The orc moves out of view.
An orc warrior comes into view.
It is wielding a +0 trident. 3 orcs come into view.
The orc shouts! x2; The orc warrior shouts!
The orc shouts! x2
You hear a shout! x2 3 orcs come into view.
The orc shouts! x2; You hear a shout! x2
An orc warrior comes into view. It is wielding a +0 dire flail.
The orc attacks as it pursues you! The orc closely misses you.
Found a stone staircase leading down.
The orc attacks as it pursues you!
The orc hits you from afar with a +0 trident.
You take 3 damage, and have 65/68 hp.
The orc misses you.
Health restored: 68 The orc warrior unwields a +0 dire flail.
The orc warrior wields a +0 orcbow.
The orc warrior shoots an arrow.
The arrow hits you! The orc barely misses you.
You take 10 damage, and have 58/68 hp.
You slash the orc with your +3 scimitar!
You kill the orc!
No target in range!
The orc warrior shoots an arrow.
The arrow barely misses you.
Found 3 stones.
You regained 2 hp, and now have 63/68 hp.
You start resting.
An orc warrior is nearby!
You regained 2 hp, and now have 65/68 hp.
The orc warrior shoots an arrow.
The arrow hits you!
You take 7 damage, and have 58/68 hp.
The orc warrior hits you from afar with a +0 trident!
The orc warrior unwields a +0 orcbow.
The orc warrior wields a +0 dire flail.
The orc warrior hits you with a +0 dire flail!
You take 23 damage, and have 35/68 hp.
MASSIVE DAMAGE!!
You slash the orc warrior with your +3 scimitar!
The orc warrior is moderately wounded.
You hit the orc warrior but do no damage.
You drain the orc warrior.
The orc warrior hits you from afar with a +0 trident.
The orc warrior hits you with a +0 dire flail.
You take 7 damage, and have 28/68 hp.
You are too injured to fight recklessly!
You are too injured to fight recklessly!
You closely miss the orc warrior with your +3 scimitar.
The orc warrior is moderately wounded.
You hit the orc warrior but do no damage.
You drain the orc warrior. The orc warrior barely misses you.
The orc warrior closely misses you.
You hit the orc warrior but do no damage.
The orc warrior is heavily wounded.
You hit the orc warrior with your +3 scimitar.
The orc warrior hits you from afar with a +0 trident!
You take 8 damage, and have 21/68 hp.
You hit the orc warrior but do no damage.
You drain the orc warrior.
The orc warrior is severely wounded.
You hit the orc warrior but do no damage.
The orc warrior closely misses you.
The orc warrior hits you from afar with a +0 trident.
* * * LOW HITPOINT WARNING * * *
You take 3 damage, and have 18/68 hp.
You closely miss the orc warrior with your +3 scimitar.
The orc warrior is severely wounded.
You hit the orc warrior but do no damage.
You drain the orc warrior. The orc warrior misses you.
You hit the orc warrior but do no damage.
The orc warrior is severely wounded.
You barely miss the orc warrior with your +3 scimitar.
The orc warrior closely misses you.
The orc warrior hits you with a +0 dire flail.
* * * LOW HITPOINT WARNING * * *
You take 5 damage, and have 14/68 hp.
It was a potion of attraction.
You feel attractive to monsters.
The orc warrior hits you from afar with a +0 trident.
* * * LOW HITPOINT WARNING * * *
The orc warrior hits you with a +0 dire flail!
* * * LOW HITPOINT WARNING * * *
You take 9 damage, and have 5/68 hp.
It was a potion of curing.
You feel better.
The orc warrior hits you from afar with a +0 trident!
* * * LOW HITPOINT WARNING * * *
The orc warrior hits you with a +0 dire flail.
* * * LOW HITPOINT WARNING * * *
It was a potion of might.
You feel very mighty all of a sudden.
The orc warrior hits you from afar with a +0 trident!
You die...
Jiyva sends a jelly to digest your remains.

...........#.##......ยง..
)..........#............
........................
...........#.#.....>..
...........#.#......
..............##..#
.#####.>#....###..#
####.oo###...#
#....ooo@...#


ooo #....#o####..# .oo #...##..# ..# o.o #....##.# #... ooo#....#..# #... ##
#o#o...o..# .##. ...#.........# . # #...........###.## #................. You
could see 2 orc warriors and 4 orcs.

Vanquished Creatures
  A water moccasin (D:8)
  4 ice beasts
  3 black bears
  A sky beast (D:6)
  2 ogres
  A centaur (D:7)
  A kobold brigand (D:5)
  A bullfrog (D:7)
  2 scorpions
  8 wights
  A howler monkey (D:6)
  2 jellies
  6 hounds
  A sleepcap (D:5)
  An iguana (D:5)
  3 orc wizards
  8 gnolls
  12 adders
  2 shadow imps
  2 ufetubi (D:6)
  An adder skeleton (Ossuary)
  2 ribbon worms
  4 dart slugs
  15 orcs
  14 ball pythons
  9 endoplasms
  11 giant cockroaches
  12 goblins
  9 hobgoblins
  4 jackals (D:5)
  3 quokkas
  A ball python skeleton (Ossuary)
  A bat (D:2)
  3 frilled lizards
  2 hobgoblin skeletons (Ossuary)
  9 kobolds
  A kobold skeleton (Ossuary)
  An orc skeleton (Ossuary)
  2 rats
166 creatures vanquished.

Vanquished Creatures (collateral kills)
  A wight (Ossuary)
1 creature vanquished.

Vanquished Creatures (others)
  An orc warrior (D:7)
  2 jellies (D:7)
  2 orc priests (D:7)
  A sleepcap (D:6)
  2 orc wizards (D:7)
  An orc (D:7)
  A giant cockroach (D:4)
10 creatures vanquished.

Grand Total: 177 creatures vanquished

Notes
Turn   | Place    | Note
-------+----------+-------------------------------------------
     0 | D:1      | gimp the Coglin Artificer began the quest for the Orb.
     0 | D:1      | Reached XP level 1. HP: 15/15 MP: 1/1
   430 | D:1      | Reached XP level 2. HP: 14/22 MP: 2/2
  1532 | D:2      | Found a faded altar of an unknown god.
  1556 | D:2      | Found a glowing silver altar of Zin.
  1658 | D:2      | Reached XP level 3. HP: 28/28 MP: 3/3
  1871 | D:3      | Found Novaq's Antique Armour Shoppe.
  1875 | D:3      | Reached XP level 4. HP: 37/37 MP: 4/4
  1960 | D:3      | Found Qume's Antique Armour Boutique.
  2042 | D:3      | Found Xijukano's Armour Boutique.
  2175 | D:3      | Found Ymab's Magic Scroll Shop.
  2184 | D:3      | Bought a scroll of teleportation for 39 gold pieces
  2184 | D:3      | Bought a scroll of identify for 26 gold pieces
  2394 | D:3      | Found a radiant altar of Vehumet.
  2511 | D:3      | Found Jinor's Weapon Shoppe.
  2639 | D:3      | Bought a scroll of fog for 52 gold pieces
  2667 | D:4      | Noticed a black bear
  2781 | D:4      | Noticed an ogre
  2804 | D:4      | Killed an ogre
  2805 | D:4      | Reached skill level 5 in Fighting
  2805 | D:4      | Reached skill level 1 in Dodging
  2805 | D:4      | Reached XP level 5. HP: 29/44 MP: 5/5
  2957 | D:4      | Noticed a black bear
  2968 | D:4      | Killed a black bear
  2969 | D:4      | Reached skill level 5 in Evocations
  2969 | D:4      | Reached XP level 6. HP: 38/51 MP: 6/6
  3149 | D:4      | Found a sand-covered staircase.
  3153 | Ossuary  | Entered an ossuary
  3359 | Ossuary  | Reached skill level 1 in Long Blades
  3359 | Ossuary  | Reached XP level 7. HP: 44/56 MP: 7/7
  3408 | Ossuary  | Reached skill level 2 in Long Blades
  3625 | Ossuary  | Reached skill level 3 in Long Blades
  3894 | D:4      | Reached skill level 4 in Long Blades
  4116 | D:4      | Reached skill level 5 in Long Blades
  4116 | D:4      | Reached XP level 8. HP: 44/62 MP: 8/8
  4445 | D:5      | Entered Level 5 of the Dungeon
  4499 | D:5      | Reached skill level 6 in Long Blades
  4654 | D:5      | Reached skill level 7 in Long Blades
  4797 | D:5      | Reached skill level 8 in Long Blades
  4808 | D:5      | Found a glowing drain.
  4834 | Sewer    | Entered a sewer
  5042 | Sewer    | Found a viscous altar of Jiyva.
  5063 | Sewer    | Became a worshipper of Jiyva Jaydyrex the Shapeless
  5205 | D:5      | Reached XP level 9. HP: 49/68 MP: 9/9
  5538 | D:6      | Reached skill level 9 in Long Blades
  5573 | D:6      | Reached * piety under Jiyva
  5593 | D:6      | Found a staircase to the Ecumenical Temple.
  5836 | D:6      | Found a burning altar of Makhleb.
  6000 | D:6      | Found the +8 storm bow {elec, penet}
  6240 | D:7      | Reached ** piety under Jiyva
  6422 | D:7      | Reached skill level 10 in Long Blades
  6620 | D:7      | Found a stormy altar of Qazlal.
  7088 | D:8      | Slain by an orc warrior

Illustrated notes

Levels and vault maps discovered:
D:1:      denvon_arrival_planthouse, layout_basic
D:2:      layout_basic, dilly_ecumenical_altar_fadedgnrine, basic_altar,
          minmay_worlds_worst_comb
D:3:      layout_basic, mainiacjoe_overflow_24_doors, serial_shops, shop,
          nicolae_shop_crystal, nicolae_diamond_shop, shop,
          nicolae_shop_tiny_real_fake_doors
D:4:      layout_loops_cross, enter_ossuary_5
D:5:      layout_cave_pools, mainiacjoe_sewer_entry_somewhere_in_here_1,
          st_stairs_8
D:6:      layout_loops_ring, nicolae_overflow_crystal_walls,
          minmay_temple_entry_tees
D:7:      layout_loops_ring, nicolae_uskayaw_suspiria, lemuel_round_altar,
          serial_bayou_ford_a, chequers_decorated_corner,
          minmay_misc_feat_nine_boxes
D:8:      layout_cave_pools, mainiacjoe_overflow_brackets,
          pdpol_wu_jian_five_deadly_venoms, serial_column_ruins,
          column_ruins_open_tiny, column_ruins_grid_4, column_ruins_grid_1,
          column_ruins_open_tiny, column_ruins_columns_corner,
          column_ruins_columns_straight, special_room [special_room_orc]

Skill      XL: |  1  2  3  4  5  6  7  8  9 |
---------------+----------------------------+-----
Fighting       | 2 3 5 |  5.0
Dodging        | 1 2 3 |  3.0
Evocations     | 5 |  5.9
Long Blades    | 1 5 8 10 | 10.6
Armour         | |  1.7
Stealth        | |  0.7

Action                     |  1- 3 |  4- 6 |  7- 9 || total
---------------------------+-------+-------+-------++-------
  Melee: Dagger            |   159 |   253 |    61 ||   473
         Club              |    24 |       |       ||    24
         Short sword       |    20 |       |   145 ||   165
         Scimitar          |       |     5 |   215 ||   220
  Evoke: Wand              |     1 |     8 |     1 ||    10
    Use: Scroll            |       |     4 |     6 ||    10
         Potion            |       |       |     3 ||     3
   Stab: Sleeping          |     2 |     2 |     1 ||     5
 Armour: Leather armour    |     9 |       |       ||     9
         Ring mail         |    62 |    90 |   173 ||   325
  Dodge: Dodged            |    52 |    79 |   131 ||   262

Table legend: (Time is in decaauts)
 A = Elapsed time spent in this place.
 B = Non-inter-level travel time spent in this place.
 C = Inter-level travel time spent in this place.
 D = Time resting spent in this place.
 E = Time spent auto-exploring this place.
 F = Levels seen in this place.
 G = Mean time per level.
                   A        B        C        D        E       F      G
               +--------+--------+--------+--------+--------+-----+--------+
         Total |   7105 |   6686 |    419 |     39 |   4959 |  10 |  710.5 |
       Dungeon |   6103 |   5684 |    419 |     33 |   4248 |   8 |  762.9 |
         Sewer |    313 |    313 |      0 |      6 |    193 |   1 |  313.0 |
       Ossuary |    688 |    688 |      0 |      0 |    518 |   1 |  688.0 |
               +--------+--------+--------+--------+--------+-----+--------+

Top non-repeatable levels by time:
     D:1: 1329 daAuts
     D:4: 1065 daAuts
     D:7: 838 daAuts
     D:3: 836 daAuts
     D:5: 722 daAuts
     D:6: 696 daAuts
 Ossuary: 688 daAuts
     D:2: 530 daAuts
   Sewer: 313 daAuts
     D:8: 84 daAuts
